EVO
OKLAHOMA STATE UNIVERSITY COWBOYS @ UNIVERSITY OF CALIFORNIA GOLDEN BEARS
08/04/2045
 
TOP OF THE 1ST
Oklahoma State University Cowboys batting - Pitching for University of California Golden Bears : LHP Frank Vazquez
Pitching: LHP Frank Vazquez
Batting: RHB Tony Cabrera 0-0: Called Strike
0-1: Called Strike
0-2: Ball
1-2: Ball
2-2: Ball
3-2: Strikes out looking
Batting: RHB Mario Arriero 0-0: Called Strike
0-1: DOUBLE (Groundball, 5L, EV 100.0 MPH)
Batting: RHB Jay Hickman 0-0: Called Strike
0-1: Ball
1-1: Called Strike
1-2: Foul Ball, location: 2F
1-2: Ball
2-2: Ball
3-2: Foul Ball, location: 2F
3-2: Foul Ball, location: 2F
3-2: Foul Ball, location: 2F
3-2: Foul Ball, location: 2F
3-2: Ground out 1-3 (Groundball, 13, EV 66.2 MPH)
Mario Arriero to third
Batting: RHB Masakuni Takeuchi 0-0: Ball
1-0: Called Strike
1-1: Ball
2-1: Foul Ball, location: 2F
2-2: Foul Ball, location: 2F
2-2: Ball
3-2: Fly out, F4 (Flyball, 34D, EV 90.6 MPH)
Top of the 1st over - 0 runs, 1 hit, 0 errors, 1 left on base; Oklahoma State University 0 - University of California 0
BOTTOM OF THE 1ST
University of California Golden Bears batting - Pitching for Oklahoma State University Cowboys : LHP Aqissiaq Storch
Pitching: LHP Aqissiaq Storch
Batting: LHB Robert Gonzalez 0-0: Ball
1-0: Ball
2-0: Swinging Strike
2-1: Ball
3-1: Called Strike
3-2: SINGLE (Groundball, 3D, EV 106.9 MPH)
Batting: RHB Alex Cardenas 0-0: Ball
1-0: Fly out, F8 (Flyball, 89D, EV 98.1 MPH)
Batting: RHB Roberto Rios 0-0: Ball
1-0: Ball
2-0: Foul Ball, location: 2F
2-1: DOUBLE (Flyball, 7LD, EV 101.2 MPH)
Robert Gonzalez to third
Batting: RHB Willie Camacho 0-0: Ball
1-0: Ball
2-0: Ball
3-0: Called Strike
3-1: SINGLE (Groundball, 5S, EV 70.6 MPH) (infield hit)
Robert Gonzalez scores
Roberto Rios to third
Batting: RHB Curtis Montgomery 0-0: Ball
1-0: Called Strike
1-1: Ball
2-1: Ball
3-1: Base on Balls
Willie Camacho to second
Batting: RHB Jorge Gonzalez 0-0: Ball
1-0: Called Strike
1-1: Fly out, F8 (Line Drive, 8LM, EV 110.6 MPH)
Runner from 3rd tags up, SCORES, no throw by CF
Batting: LHB Sean Boenig 0-0: Swinging Strike
0-1: Foul Ball, location: 2F
0-2: Ball
1-2: Strikes out swinging
Bottom of the 1st over - 2 runs, 3 hits, 0 errors, 2 left on base; Oklahoma State University 0 - University of California 2
TOP OF THE 2ND
Oklahoma State University Cowboys batting - Pitching for University of California Golden Bears : LHP Frank Vazquez
Batting: RHB Eric Zylstra 0-0: Ball
1-0: Swinging Strike
1-1: Foul Ball, location: 2F
1-2: Strikes out swinging
Batting: LHB Jared Zulkowski 0-0: Called Strike
0-1: Fly out, F5 (Popup, 56S, EV 65.0 MPH)
Batting: RHB Dennis Bennett 0-0: Ball
1-0: Foul Ball, location: 2F
1-1: Called Strike
1-2: Ball
2-2: Foul Ball, location: 2F
2-2: Ball
3-2: Strikes out swinging
Top of the 2nd over - 0 runs, 0 hits, 0 errors, 0 left on base; Oklahoma State University 0 - University of California 2
BOTTOM OF THE 2ND
University of California Golden Bears batting - Pitching for Oklahoma State University Cowboys : LHP Aqissiaq Storch
Batting: RHB Dan Orozco 0-0: Ball
1-0: Ball
2-0: Called Strike
2-1: Foul Ball, location: 2F
2-2: Strikes out swinging
Batting: SHB J.T. Ready 0-0: Called Strike
0-1: Foul Ball, location: 2F
0-2: Ball
1-2: Ball
2-2: Strikes out swinging
Batting: LHB Robert Gonzalez 0-0: Ball
1-0: Foul Ball, location: 2F
1-1: Called Strike
1-2: Ball
2-2: Strikes out looking
Bottom of the 2nd over - 0 runs, 0 hits, 0 errors, 0 left on base; Oklahoma State University 0 - University of California 2
TOP OF THE 3RD
Oklahoma State University Cowboys batting - Pitching for University of California Golden Bears : LHP Frank Vazquez
Batting: RHB Hidemitsu Matsuno 0-0: Called Strike
0-1: Ball
1-1: Ball
2-1: Foul Ball, location: 2F
2-2: Ball
3-2: Base on Balls
Batting: RHB Tony Castellanos 0-0: Ball
1-0: Fly out, F8 (Line Drive, 8LD, EV 93.1 MPH)
Batting: RHB Tony Cabrera 0-0: Ball
1-0: Called Strike
1-1: SINGLE (Line Drive, 89S, EV 96.9 MPH)
Hidemitsu Matsuno to second
Batting: RHB Mario Arriero 0-0: Called Strike
0-1: Fly out, F9 (Flyball, 9LM, EV 86.9 MPH)
Batting: RHB Jay Hickman 0-0: Fly out, F9 (Flyball, 9D, EV 99.4 MPH)
Top of the 3rd over - 0 runs, 1 hit, 0 errors, 2 left on base; Oklahoma State University 0 - University of California 2
BOTTOM OF THE 3RD
University of California Golden Bears batting - Pitching for Oklahoma State University Cowboys : LHP Aqissiaq Storch
Batting: RHB Alex Cardenas 0-0: Called Strike
0-1: Called Strike
0-2: Ball
1-2: Foul Ball, location: 2F
1-2: Ball
2-2: Ball
3-2: Strikes out swinging
Batting: RHB Roberto Rios 0-0: Fly out, F4 (Popup, 23, EV 88.8 MPH)
Batting: RHB Willie Camacho 0-0: Fly out, F7 (Flyball, 7LS, EV 80.0 MPH)
Bottom of the 3rd over - 0 runs, 0 hits, 0 errors, 0 left on base; Oklahoma State University 0 - University of California 2
TOP OF THE 4TH
Oklahoma State University Cowboys batting - Pitching for University of California Golden Bears : LHP Frank Vazquez
Batting: RHB Masakuni Takeuchi 0-0: Swinging Strike
0-1: Fly out, F5 (Popup, 6S, EV 68.1 MPH)
Batting: RHB Eric Zylstra 0-0: Fly out, F8 (Flyball, 8LM, EV 85.6 MPH)
Batting: LHB Jared Zulkowski 0-0: Ball
1-0: Foul Ball, location: 2F
1-1: Swinging Strike
1-2: Strikes out looking
Top of the 4th over - 0 runs, 0 hits, 0 errors, 0 left on base; Oklahoma State University 0 - University of California 2
BOTTOM OF THE 4TH
University of California Golden Bears batting - Pitching for Oklahoma State University Cowboys : LHP Aqissiaq Storch
Batting: RHB Curtis Montgomery 0-0: Called Strike
0-1: Called Strike
0-2: Foul Ball, location: 2F
0-2: Hit by Pitch
Batting: RHB Jorge Gonzalez 0-0: Ball
1-0: SINGLE (Groundball, 6MD, EV 95.0 MPH)
Curtis Montgomery to second
Runner from 2nd tries for 3rd, SAFE, throw by CF made at trailing runner, OUT! 8-4
Batting: LHB Sean Boenig 0-0: Called Strike
0-1: Ball
1-1: Foul Ball, location: 2F
1-2: Ball
2-2: SINGLE (Groundball, 4D, EV 96.2 MPH)
Curtis Montgomery scores
Batting: RHB Dan Orozco 0-0: Called Strike
0-1: Swinging Strike
0-2: Ball
1-2: Ball
Sean Boenig steals 2nd, throwing error, E2
Sean Boenig to third
2-2: Strikes out swinging
Batting: SHB J.T. Ready 0-0: Called Strike
0-1: Foul Ball, location: 2F
0-2: Ball
1-2: SINGLE (Popup, 6MD, EV 60.0 MPH)
Sean Boenig scores
Batting: LHB Robert Gonzalez 0-0: Called Strike
0-1: SINGLE (Groundball, 4S, EV 99.4 MPH)
J.T. Ready to second
Runner from 2nd tries for 3rd, SAFE, no throw by CF
Pitching: RHP Jamie Rappoport
Batting: RHB Alex Cardenas 0-0: Ball
1-0: Called Strike
1-1: Swinging Strike
1-2: Ball
2-2: Ball
3-2: SINGLE (Groundball, 4MS, EV 66.9 MPH) (infield hit)
J.T. Ready scores
Robert Gonzalez to second
Batting: RHB Roberto Rios 0-0: Ball
1-0: Ball
Wild Pitch!
Robert Gonzalez to third
Alex Cardenas to second
2-0: Ball
3-0: Called Strike
3-1: Base on Balls
Batting: RHB Willie Camacho 0-0: Called Strike
0-1: Ball
1-1: Called Strike
1-2: Fly out, F8 (Flyball, 8RD, EV 83.8 MPH)
Bottom of the 4th over - 3 runs, 5 hits, 1 error, 3 left on base; Oklahoma State University 0 - University of California 5
TOP OF THE 5TH
Oklahoma State University Cowboys batting - Pitching for University of California Golden Bears : LHP Frank Vazquez
Pitching: RHP Mario Mata
Batting: RHB Dennis Bennett 0-0: SOLO HOME RUN (Flyball, 78XD, EV 113.1 MPH), Distance : 451 ft
Batting: RHB Hidemitsu Matsuno 0-0: Ball
1-0: Ground out 5-3 (Groundball, 56, EV 84.4 MPH)
Batting: RHB Tony Castellanos 0-0: Foul Ball, location: 2F
0-1: Swinging Strike
0-2: Strikes out swinging
Batting: RHB Tony Cabrera 0-0: Foul Ball, location: 2F
0-1: Foul Ball, location: 2F
0-2: Ball
1-2: Ground out 6-3 (Groundball, 6, EV 97.5 MPH)
Top of the 5th over - 1 run, 1 hit, 0 errors, 0 left on base; Oklahoma State University 1 - University of California 5
BOTTOM OF THE 5TH
University of California Golden Bears batting - Pitching for Oklahoma State University Cowboys : RHP Jamie Rappoport
Batting: RHB Curtis Montgomery 0-0: Ball
1-0: Ball
2-0: Ball
3-0: Base on Balls
Batting: RHB Jorge Gonzalez 0-0: Ball
1-0: Foul Ball, location: 2F
1-1: Ball
2-1: Ball
3-1: Foul Ball, location: 2F
3-2: Base on Balls
Curtis Montgomery to second
Batting: LHB Sean Boenig 0-0: Ball
1-0: Fly out, F9 (Line Drive, 9D, EV 90.6 MPH)
Batting: RHB Dan Orozco 0-0: Ball
1-0: Foul Ball, location: 2F
1-1: Fielders Choice at 2nd, 3-6 (Groundball, 34, EV 85.6 MPH)
Curtis Montgomery to third
Batting: SHB J.T. Ready 0-0: Ball
1-0: Foul Ball, location: 2F
1-1: Foul Ball, location: 2F
1-2: Ball
2-2: Strikes out looking
Bottom of the 5th over - 0 runs, 0 hits, 0 errors, 2 left on base; Oklahoma State University 1 - University of California 5
TOP OF THE 6TH
Oklahoma State University Cowboys batting - Pitching for University of California Golden Bears : RHP Mario Mata
Batting: RHB Mario Arriero 0-0: Swinging Strike
0-1: Called Strike
0-2: Fly out, F9 (Line Drive, 9D, EV 95.6 MPH)
Batting: RHB Jay Hickman 0-0: Ball
1-0: Ball
2-0: Ball
3-0: Called Strike
3-1: Foul Ball, location: 2F
3-2: Foul Ball, location: 2F
3-2: Ground out 4-3 (Groundball, 4, EV 78.8 MPH)
Batting: RHB Masakuni Takeuchi 0-0: Called Strike
0-1: Called Strike
0-2: Strikes out looking
Top of the 6th over - 0 runs, 0 hits, 0 errors, 0 left on base; Oklahoma State University 1 - University of California 5
BOTTOM OF THE 6TH
University of California Golden Bears batting - Pitching for Oklahoma State University Cowboys : RHP Jamie Rappoport
Batting: LHB Robert Gonzalez 0-0: Ball
1-0: Swinging Strike
1-1: Ground out U3 (Groundball, 3, EV 106.9 MPH)
Pinch Hitting: RHB Carlos Gonzalez 0-0: Ball
1-0: Ball
2-0: Called Strike
2-1: Called Strike
2-2: Ball
3-2: Strikes out swinging, 2-3 out at first.
Pitching: LHP Ronnie Pickering
Batting: RHB Roberto Rios 0-0: Fly out, F8 (Line Drive, 8LM, EV 100.0 MPH)
Bottom of the 6th over - 0 runs, 0 hits, 0 errors, 0 left on base; Oklahoma State University 1 - University of California 5
TOP OF THE 7TH
Oklahoma State University Cowboys batting - Pitching for University of California Golden Bears : RHP Mario Mata
Now at 3B: J.D. Newman
Batting: RHB Eric Zylstra 0-0: Fly out, F9 (Flyball, 9S, EV 83.1 MPH)
Batting: LHB Jared Zulkowski 0-0: Fly out, F9 (Flyball, 89M, EV 88.8 MPH)
Batting: RHB Dennis Bennett 0-0: Hit by Pitch
Batting: RHB Hidemitsu Matsuno 0-0: Foul Ball, location: 2F
0-1: Called Strike
0-2: Foul Ball, location: 2F
0-2: Ball
1-2: Foul Ball, location: 2F
1-2: Ball
2-2: Fly out, F1 (Popup, P, EV 77.5 MPH)
Top of the 7th over - 0 runs, 0 hits, 0 errors, 1 left on base; Oklahoma State University 1 - University of California 5
BOTTOM OF THE 7TH
University of California Golden Bears batting - Pitching for Oklahoma State University Cowboys : LHP Ronnie Pickering
Pinch Hitting: RHB Manny Elizondo 0-0: Foul Ball, location: 2F
0-1: Ball
1-1: Foul Ball, location: 2F
1-2: Strikes out looking
Batting: RHB Ramiro Vega 0-0: Called Strike
0-1: Ground out 6-3 (Groundball, 6, EV 78.8 MPH)
Pinch Hitting: RHB Austin Doig 0-0: Ball
1-0: Foul Ball, location: 2F
1-1: Ball
2-1: Foul Ball, location: 2F
2-2: Foul Ball, location: 2F
2-2: Ball
3-2: Foul Ball, location: 2F
3-2: Strikes out swinging
Bottom of the 7th over - 0 runs, 0 hits, 0 errors, 0 left on base; Oklahoma State University 1 - University of California 5
TOP OF THE 8TH
Oklahoma State University Cowboys batting - Pitching for University of California Golden Bears : RHP Mario Mata
Now at 2B: Austin Doig
Now in LF: Antonio Martinez
Pinch Hitting: SHB Suzunosuke Yamaguchi 0-0: Ball
1-0: Ground out 6-3 (Groundball, 6M, EV 91.2 MPH)
Batting: RHB Tony Cabrera 0-0: Called Strike
0-1: Ball
1-1: Foul Ball, location: 2F
1-2: Fly out, F9 (Flyball, 9D, EV 101.9 MPH)
Pinch Hitting: RHB Cody Kafer 0-0: Foul Ball, location: 2F
0-1: Ball
1-1: Ball
2-1: Foul Ball, location: 2F
2-2: Strikes out swinging
Top of the 8th over - 0 runs, 0 hits, 0 errors, 0 left on base; Oklahoma State University 1 - University of California 5
BOTTOM OF THE 8TH
University of California Golden Bears batting - Pitching for Oklahoma State University Cowboys : LHP Ronnie Pickering
Now at SS: Suzunosuke Yamaguchi
Now in CF: Cody Kafer
Batting: LHB Sean Boenig 0-0: Foul Ball, location: 2F
0-1: Ball
1-1: Ball
2-1: Called Strike
2-2: Foul Ball, location: 2F
2-2: Foul Ball, location: 2F
2-2: Strikes out swinging
Batting: RHB Dan Orozco 0-0: Ball
1-0: Ball
2-0: Swinging Strike
2-1: Called Strike
2-2: Strikes out swinging
Batting: SHB J.T. Ready 0-0: Ball
1-0: Foul Ball, location: 2F
1-1: Ball
2-1: Swinging Strike
2-2: Strikes out swinging
Bottom of the 8th over - 0 runs, 0 hits, 0 errors, 0 left on base; Oklahoma State University 1 - University of California 5
TOP OF THE 9TH
Oklahoma State University Cowboys batting - Pitching for University of California Golden Bears : RHP Mario Mata
Pitching: LHP Ismael Flores
Pinch Hitting: LHB Edwin Cabral 0-0: Called Strike
0-1: Ball
1-1: Ball
2-1: DOUBLE (Line Drive, 89M, EV 96.2 MPH)
Batting: RHB Josh Patterson 0-0: Ball
1-0: Ball
2-0: Ball
3-0: Base on Balls
Pitching: LHP James Reynolds
Batting: RHB Eric Zylstra 0-0: Foul Ball, location: 2F
0-1: Ball
1-1: Ball
2-1: Called Strike
2-2: Foul Ball, location: 2F
2-2: Ball
3-2: Foul Ball, location: 2F
3-2: Strikes out swinging
Pinch Hitting: LHB Israel Jaramillo 0-0: Swinging Strike
0-1: Swinging Strike
0-2: Foul Ball, location: 2F
0-2: Ball
1-2: Foul Ball, location: 2F
1-2: Strikes out looking
Pinch Hitting: SHB Guy Jerome 0-0: Ground out U3 (Groundball, 34S, EV 70.6 MPH)
Top of the 9th over - 0 runs, 1 hit, 0 errors, 2 left on base; Oklahoma State University 1 - University of California 5
Wednesday, June 22nd , 2022 - OOTP Baseball 23.4 Build 64